3L
HOUSTON 1837 BBC @ KINGSTON TOWNSHIP LEGION
10/05/2032
 
TOP OF THE 1ST
Houston 1837 BBC batting - Pitching for Kingston Township Legion : RHP Octávio Moya
Pitching: RHP Octávio Moya
Batting: LHB Carlos Medellín 0-0: Called Strike
0-1: Ground out 4-3 (Groundball, 4M)
Batting: RHB Phil Sherman 0-0: Called Strike
0-1: Called Strike
0-2: Foul Ball, location: 2F
0-2: SOLO HOME RUN (Flyball, 7LD), Distance : 358 ft
Batting: RHB Joey Trifone 0-0: Ball
1-0: Foul Ball, location: 2F
1-1: Foul Ball, location: 2F
1-2: Ball
2-2: Foul Ball, location: 2F
2-2: SINGLE (Line Drive, 8LS)
Batting: RHB Bob Dickerson 0-0: Fly out, F6 (Popup, P)
Batting: LHB Guillermo Arellano 0-0: Ball
1-0: Ball
2-0: Ball
Balk!
Joey Trifone to second
3-0: Called Strike
3-1: Base on Balls
Batting: RHB Komotay Koffie 0-0: Ball
1-0: Ball
2-0: Called Strike
2-1: Foul Ball, location: 2F
2-2: Ball
3-2: DOUBLE (Groundball, 5L)
Joey Trifone scores
Guillermo Arellano to third
Guillermo Arellano scores
Batting: RHB Xavier Pérez 0-0: Fly out, F7 (Flyball, 7LMF)
Top of the 1st over - 3 runs, 3 hits, 0 errors, 1 left on base; Houston 3 - Kingston Township 0
BOTTOM OF THE 1ST
Kingston Township Legion batting - Pitching for Houston 1837 BBC : RHP Nicolas Roche
Pitching: RHP Nicolas Roche
Batting: RHB Juanito González 0-0: Swinging Strike
0-1: Ball
1-1: Ball
2-1: Fly out, F7 (Flyball, 78M)
Batting: LHB Mike Gardner 0-0: Ground out U3 (Groundball, 3)
Batting: RHB Ron Bernard 0-0: Fly out, F7 (Flyball, 7S)
Bottom of the 1st over - 0 runs, 0 hits, 0 errors, 0 left on base; Houston 3 - Kingston Township 0
TOP OF THE 2ND
Houston 1837 BBC batting - Pitching for Kingston Township Legion : RHP Octávio Moya
Batting: SHB Nobuhisa Hatoyama 0-0: Ball
1-0: Foul Ball, location: 2F
1-1: Called Strike
1-2: Fly out, F9 (Flyball, 89M)
Batting: RHB Lionel McCloud 0-0: Ball
1-0: Called Strike
1-1: Ball
2-1: Ball
3-1: Foul Ball, location: 2F
3-2: Strikes out looking
Batting: LHB Carlos Medellín 0-0: Ball
1-0: Swinging Strike
1-1: Foul Ball, location: 2F
1-2: Foul Ball, location: 2F
1-2: Foul Ball, location: 2F
1-2: Fly out, F8 (Line Drive, 8RD)
Top of the 2nd over - 0 runs, 0 hits, 0 errors, 0 left on base; Houston 3 - Kingston Township 0
BOTTOM OF THE 2ND
Kingston Township Legion batting - Pitching for Houston 1837 BBC : RHP Nicolas Roche
Batting: LHB Terrence Eler 0-0: Called Strike
0-1: SOLO HOME RUN (Flyball, 9LD), Distance : 364 ft
Batting: RHB EP Weston 0-0: Ball
1-0: Ball
2-0: Called Strike
2-1: Fly out, F7 (Flyball, 7LDF)
Batting: RHB Scott Robertson 0-0: Foul Ball, location: 2F
0-1: Ball
1-1: TRIPLE (Flyball, 8RXD)
Batting: RHB Júlio Rodríguez 0-0: Fly out, F9 (Flyball, 9LM)
Runner from 3rd tags up, SCORES, throw made
Batting: RHB José Icaza 0-0: Called Strike
0-1: Foul Ball, location: 2F
0-2: Ground out 6-3 (Groundball, 6)
Bottom of the 2nd over - 2 runs, 2 hits, 0 errors, 0 left on base; Houston 3 - Kingston Township 2
TOP OF THE 3RD
Houston 1837 BBC batting - Pitching for Kingston Township Legion : RHP Octávio Moya
Batting: RHB Phil Sherman 0-0: Foul Ball, location: 2F
0-1: Foul Ball, location: 2F
0-2: Strikes out looking
Batting: RHB Joey Trifone 0-0: Foul Ball, location: 2F
0-1: Ball
1-1: Foul Ball, location: 2F
1-2: Ball
2-2: Ball
3-2: Fly out, F7 (Flyball, 78XD)
Batting: RHB Bob Dickerson 0-0: Swinging Strike
0-1: Ball
1-1: Ball
2-1: Ball
3-1: Foul Ball, location: 2F
3-2: Base on Balls
Batting: LHB Guillermo Arellano 0-0: Ball
1-0: Called Strike
1-1: Ball
2-1: Ball
3-1: Base on Balls
Bob Dickerson to second
Batting: RHB Komotay Koffie 0-0: Ball
1-0: Ball
2-0: SINGLE (Line Drive, 8LS)
Bob Dickerson to third
Guillermo Arellano to second
Runner from 3rd tries for Home, SAFE, no throw
Batting: RHB Xavier Pérez 0-0: SINGLE (Groundball, 6MD)
Guillermo Arellano to third
Komotay Koffie to second
Runner from 3rd tries for Home, SAFE, throw made home
Batting: SHB Nobuhisa Hatoyama 0-0: Ball
1-0: Foul Ball, location: 2F
1-1: Called Strike
1-2: Ball
2-2: Fly out, F8 (Flyball, 8LM)
Top of the 3rd over - 2 runs, 2 hits, 0 errors, 2 left on base; Houston 5 - Kingston Township 2
BOTTOM OF THE 3RD
Kingston Township Legion batting - Pitching for Houston 1837 BBC : RHP Nicolas Roche
Batting: LHB Ruben Yim 0-0: Called Strike
0-1: Ball
1-1: Called Strike
1-2: Ball
2-2: Ground out 4-3 (Groundball, 4)
Batting: RHB Juanito González 0-0: Ball
1-0: Called Strike
1-1: SINGLE (Groundball, 6MD)
Batting: LHB Mike Gardner 0-0: Called Strike
Juanito González steals 2nd base
0-1: Called Strike
0-2: Ball
1-2: Ball
2-2: Ball
3-2: Foul Ball, location: 2F
3-2: Strikes out swinging, 2-3 out at first.
Batting: RHB Ron Bernard 0-0: Ball
1-0: Swinging Strike
1-1: Ball
2-1: Foul Ball, location: 2F
2-2: Ball
3-2: Base on Balls
Batting: LHB Terrence Eler 0-0: Called Strike
0-1: Foul Ball, location: 2F
0-2: Ball
1-2: Fly out, F7 (Flyball, 7)
Bottom of the 3rd over - 0 runs, 1 hit, 0 errors, 2 left on base; Houston 5 - Kingston Township 2
TOP OF THE 4TH
Houston 1837 BBC batting - Pitching for Kingston Township Legion : RHP Octávio Moya
Batting: RHB Lionel McCloud 0-0: Ball
1-0: Called Strike
1-1: Ball
2-1: Foul Ball, location: 2F
2-2: Strikes out looking
Batting: LHB Carlos Medellín 0-0: Called Strike
0-1: Foul Ball, location: 2F
0-2: Foul Ball, location: 2F
0-2: Ball
1-2: Strikes out swinging
Batting: RHB Phil Sherman 0-0: Called Strike
0-1: Ball
1-1: Ball
2-1: Foul Ball, location: 2F
2-2: Strikes out swinging
Top of the 4th over - 0 runs, 0 hits, 0 errors, 0 left on base; Houston 5 - Kingston Township 2
BOTTOM OF THE 4TH
Kingston Township Legion batting - Pitching for Houston 1837 BBC : RHP Nicolas Roche
Batting: RHB EP Weston 0-0: Called Strike
0-1: Ball
1-1: Ball
2-1: Called Strike
2-2: Ball
3-2: Base on Balls
Batting: RHB Scott Robertson 0-0: Ball
1-0: Ball
2-0: Ball
3-0: Called Strike
3-1: Base on Balls
EP Weston to second
Batting: RHB Júlio Rodríguez 0-0: Ball
1-0: Ground out U3 (Groundball, 34S)
EP Weston to third
Scott Robertson to second
Batting: RHB José Icaza 0-0: Ground out 1-3 (Groundball, P)
Batting: LHB Ruben Yim 0-0: Called Strike
0-1: Fly out, F8 (Flyball, 8RD)
Bottom of the 4th over - 0 runs, 0 hits, 0 errors, 2 left on base; Houston 5 - Kingston Township 2
TOP OF THE 5TH
Houston 1837 BBC batting - Pitching for Kingston Township Legion : RHP Octávio Moya
Batting: RHB Joey Trifone 0-0: SOLO HOME RUN (Flyball, 7D), Distance : 425 ft
Batting: RHB Bob Dickerson 0-0: Ball
1-0: Foul Ball, location: 2F
1-1: Ball
2-1: Swinging Strike
2-2: Ball
3-2: Foul Ball, location: 2F
3-2: Fly out, F5 (Popup, 5SF)
Batting: LHB Guillermo Arellano 0-0: Called Strike
0-1: Ball
1-1: Ball
2-1: Called Strike
2-2: Strikes out swinging
Batting: RHB Komotay Koffie 0-0: Foul Ball, location: 2F
0-1: Ball
1-1: Ball
2-1: SINGLE (Groundball, 56S) (infield hit)
Batting: RHB Xavier Pérez 0-0: Called Strike
0-1: Ball
1-1: Called Strike
1-2: Foul Ball, location: 2F
1-2: Strikes out swinging
Top of the 5th over - 1 run, 2 hits, 0 errors, 1 left on base; Houston 6 - Kingston Township 2
BOTTOM OF THE 5TH
Kingston Township Legion batting - Pitching for Houston 1837 BBC : RHP Nicolas Roche
Batting: RHB Juanito González 0-0: Ball
1-0: Ball
2-0: Ball
3-0: Called Strike
3-1: Base on Balls
Batting: LHB Mike Gardner 0-0: Ball
1-0: Foul Ball, location: 2F
1-1: Ball
Juanito González steals 2nd base
2-1: SINGLE (Groundball, 4D)
Juanito González to third
Runner from 3rd tries for Home, throw and OUT!
Batting: RHB Ron Bernard 0-0: Foul Ball, location: 2F
0-1: Ball
1-1: Ball
2-1: Ball
3-1: Called Strike
3-2: Base on Balls
Mike Gardner to second
Batting: LHB Terrence Eler 0-0: Ball
1-0: Called Strike
1-1: Foul Ball, location: 2F
1-2: Ball
2-2: 3-RUN HOME RUN (Flyball, 9LD), Distance : 359 ft
Pitching: RHP Emil Olsson
Batting: RHB EP Weston 0-0: Ball
1-0: Ball
2-0: Ball
3-0: Called Strike
3-1: Fly out, F8 (Line Drive, 8LD)
Batting: RHB Scott Robertson 0-0: SOLO HOME RUN (Flyball, 7D), Distance : 418 ft
Batting: RHB Júlio Rodríguez 0-0: Called Strike
0-1: Fly out, F7 (Flyball, 78D)
Bottom of the 5th over - 4 runs, 3 hits, 0 errors, 0 left on base; Houston 6 - Kingston Township 6
TOP OF THE 6TH
Houston 1837 BBC batting - Pitching for Kingston Township Legion : RHP Octávio Moya
Batting: SHB Nobuhisa Hatoyama 0-0: Called Strike
0-1: Ball
1-1: Swinging Strike
1-2: Foul Ball, location: 2F
1-2: Ball
2-2: Ground out 4-3 (Groundball, 4)
Batting: RHB Lionel McCloud 0-0: Ball
1-0: Called Strike
1-1: Ground out 6-3 (Groundball, 6)
Batting: LHB Carlos Medellín 0-0: Ball
1-0: Ball
2-0: Swinging Strike
2-1: Ground out U3 (Groundball, 3)
Top of the 6th over - 0 runs, 0 hits, 0 errors, 0 left on base; Houston 6 - Kingston Township 6
BOTTOM OF THE 6TH
Kingston Township Legion batting - Pitching for Houston 1837 BBC : RHP Emil Olsson
Batting: RHB José Icaza 0-0: Foul Ball, location: 2F
0-1: Ball
1-1: Foul Ball, location: 2F
1-2: Ball
2-2: Ball
3-2: Strikes out looking
Batting: LHB Ruben Yim 0-0: Bunt for hit - play at first, batter OUT! 5-3
Batting: RHB Juanito González 0-0: Ball
1-0: Ball
2-0: Foul Ball, location: 2F
2-1: Foul Ball, location: 2F
2-2: Foul Ball, location: 2F
2-2: Foul Ball, location: 2F
2-2: Ball
3-2: Base on Balls
Batting: LHB Mike Gardner 0-0: Foul Ball, location: 2F
0-1: Foul Ball, location: 2F
0-2: Strikes out swinging
Bottom of the 6th over - 0 runs, 0 hits, 0 errors, 1 left on base; Houston 6 - Kingston Township 6
TOP OF THE 7TH
Houston 1837 BBC batting - Pitching for Kingston Township Legion : RHP Octávio Moya
Batting: RHB Phil Sherman 0-0: Called Strike
0-1: Foul Ball, location: 2F
0-2: Strikes out swinging
Batting: RHB Joey Trifone 0-0: Ball
1-0: Ball
2-0: Swinging Strike
2-1: Foul Ball, location: 2F
2-2: Ball
3-2: Base on Balls
Pitching: RHP Kazu Omori
Batting: RHB Bob Dickerson 0-0: Called Strike
0-1: Called Strike
0-2: SINGLE (Flyball, 78M)
Joey Trifone to second
Batting: LHB Guillermo Arellano 0-0: Ball
1-0: Grounds into double play, 6-4-3 (Groundball, 6)
Top of the 7th over - 0 runs, 1 hit, 0 errors, 1 left on base; Houston 6 - Kingston Township 6
BOTTOM OF THE 7TH
Kingston Township Legion batting - Pitching for Houston 1837 BBC : RHP Emil Olsson
Batting: RHB Ron Bernard 0-0: Ball
1-0: Ball
2-0: Ball
3-0: Base on Balls
Batting: LHB Terrence Eler 0-0: Called Strike
0-1: Foul Ball, location: 2F
0-2: Strikes out swinging
Batting: RHB EP Weston 0-0: Called Strike
0-1: Ball
1-1: Ball
2-1: Ball
3-1: Called Strike
3-2: Fly out, F9 (Flyball, 9S)
Batting: RHB Scott Robertson 0-0: Ball
Throwing error on steal attempt, E2
Ron Bernard to third
1-0: Ground out 6-3 (Groundball, 6D)
Bottom of the 7th over - 0 runs, 0 hits, 1 error, 1 left on base; Houston 6 - Kingston Township 6
TOP OF THE 8TH
Houston 1837 BBC batting - Pitching for Kingston Township Legion : RHP Kazu Omori
Batting: RHB Komotay Koffie 0-0: Foul Ball, location: 2F
0-1: Foul Ball, location: 2F
0-2: Ball
1-2: Ball
2-2: Strikes out swinging
Batting: RHB Xavier Pérez 0-0: Ball
1-0: Fly out, F8 (Flyball, 78S)
Batting: SHB Nobuhisa Hatoyama 0-0: Ball
1-0: Swinging Strike
1-1: Called Strike
1-2: Ball
2-2: Ball
3-2: Fly out, F5 (Flyball, 5D)
Top of the 8th over - 0 runs, 0 hits, 0 errors, 0 left on base; Houston 6 - Kingston Township 6
BOTTOM OF THE 8TH
Kingston Township Legion batting - Pitching for Houston 1837 BBC : RHP Emil Olsson
Batting: RHB Júlio Rodríguez 0-0: Ball
1-0: Ground out 5-3 (Groundball, 56)
Batting: RHB José Icaza 0-0: Ball
1-0: Ball
2-0: Ball
3-0: Called Strike
3-1: Base on Balls
Batting: LHB Ruben Yim 0-0: Ball
1-0: Called Strike
1-1: Ball
2-1: Ball
3-1: Called Strike
3-2: SINGLE (Groundball, 3D)
José Icaza to second
Batting: RHB Juanito González 0-0: Sac Bunt - play at first, batter OUT! 1-4
José Icaza to third
Ruben Yim to second
Batting: LHB Mike Gardner 0-0: Ground out 4-3 (Groundball, 4)
Bottom of the 8th over - 0 runs, 1 hit, 0 errors, 2 left on base; Houston 6 - Kingston Township 6
TOP OF THE 9TH
Houston 1837 BBC batting - Pitching for Kingston Township Legion : RHP Kazu Omori
Pitching: RHP John Riggleman
Batting: RHB Lionel McCloud 0-0: Ground out 4-3 (Groundball, 4)
Batting: LHB Carlos Medellín 0-0: Ground out U3 (Groundball, 34)
Batting: RHB Phil Sherman 0-0: Ball
1-0: Called Strike
1-1: Ball
2-1: Fly out, F7 (Flyball, 7S)
Top of the 9th over - 0 runs, 0 hits, 0 errors, 0 left on base; Houston 6 - Kingston Township 6
BOTTOM OF THE 9TH
Kingston Township Legion batting - Pitching for Houston 1837 BBC : RHP Emil Olsson
Pitching: RHP Pedro Valdéz
Batting: RHB Ron Bernard 0-0: Foul Ball, location: 2F
0-1: Ball
1-1: Ball
2-1: Ball
3-1: Foul Ball, location: 2F
3-2: Foul Ball, location: 2F
3-2: Foul Ball, location: 2F
3-2: Fly out, F4 (Line Drive, 4)
Batting: LHB Terrence Eler 0-0: Foul Ball, location: 2F
0-1: Ball
1-1: Foul Ball, location: 2F
1-2: Ball
2-2: Ground out 4-3 (Groundball, 34D)
Batting: RHB EP Weston 0-0: Called Strike
0-1: Ball
1-1: Ball
2-1: SINGLE (Flyball, 9LS)
Pinch Runner at 1st Elia Amberezzio:
Batting: RHB Scott Robertson 0-0: Ball
1-0: Ball
2-0: Called Strike
2-1: Foul Ball, location: 2F
2-2: Foul Ball, location: 2F
2-2: Ball
3-2: Fly out, F7 (Line Drive, 7)
Bottom of the 9th over - 0 runs, 1 hit, 0 errors, 1 left on base; Houston 6 - Kingston Township 6
TOP OF THE 10TH
Houston 1837 BBC batting - Pitching for Kingston Township Legion : RHP John Riggleman
Now at 3B: Elia Amberezzio
Batting: RHB Joey Trifone 0-0: Swinging Strike
0-1: Foul Ball, location: 2F
0-2: Hit by Pitch
Batting: RHB Bob Dickerson 0-0: Called Strike
0-1: Called Strike
0-2: Strikes out looking
Batting: LHB Guillermo Arellano 0-0: Ball
1-0: Ball
2-0: SINGLE (Line Drive, 78S)
Joey Trifone to second
Batting: RHB Komotay Koffie 0-0: Ball
1-0: Ball
2-0: Called Strike
2-1: Fly out, F8 (Line Drive, 8LD)
Batting: RHB Xavier Pérez 0-0: Ball
1-0: Ball
2-0: Foul Ball, location: 2F
2-1: Called Strike
2-2: Ball
3-2: Strikes out swinging
Top of the 10th over - 0 runs, 1 hit, 0 errors, 2 left on base; Houston 6 - Kingston Township 6
BOTTOM OF THE 10TH
Kingston Township Legion batting - Pitching for Houston 1837 BBC : RHP Pedro Valdéz
Batting: RHB Júlio Rodríguez 0-0: Ball
1-0: Ball
2-0: Ball
3-0: Ground out 6-3 (Groundball, 6)
Batting: RHB José Icaza 0-0: Foul Ball, location: 2F
0-1: Foul Ball, location: 2F
0-2: Ball
1-2: Ground out 5-3 (Groundball, 56)
Batting: LHB Ruben Yim 0-0: Ball
1-0: Ball
2-0: Foul Ball, location: 2F
2-1: Foul Ball, location: 2F
2-2: Strikes out swinging
Bottom of the 10th over - 0 runs, 0 hits, 0 errors, 0 left on base; Houston 6 - Kingston Township 6
TOP OF THE 11TH
Houston 1837 BBC batting - Pitching for Kingston Township Legion : RHP John Riggleman
Batting: SHB Nobuhisa Hatoyama 0-0: Called Strike
0-1: Ball
1-1: Ground out U3 (Groundball, 34)
Batting: RHB Lionel McCloud 0-0: DOUBLE (Groundball, 5L)
Batting: LHB Carlos Medellín 0-0: Foul Ball, location: 2F
0-1: Ground out U3 (Groundball, 3S)
Lionel McCloud to third
Batting: RHB Phil Sherman 0-0: Ball
1-0: Ball
2-0: Ball
3-0: Called Strike
3-1: Base on Balls
Batting: RHB Joey Trifone 0-0: Fly out, F8 (Flyball, 8RXD)
Top of the 11th over - 0 runs, 1 hit, 0 errors, 2 left on base; Houston 6 - Kingston Township 6
BOTTOM OF THE 11TH
Kingston Township Legion batting - Pitching for Houston 1837 BBC : RHP Pedro Valdéz
Batting: RHB Juanito González 0-0: DOUBLE (Groundball, 5L)
Batting: LHB Mike Gardner 0-0: Ball
1-0: Called Strike
1-1: Ground out U3 (Groundball, 34)
Juanito González to third
Batting: RHB Ron Bernard 0-0: Intentional Walk
Batting: LHB Terrence Eler 0-0: Ball
1-0: Ball
2-0: Ball
3-0: Called Strike
3-1: Base on Balls
Ron Bernard to second
Pinch Hitting: RHB Alfredo Cardenas 0-0: Swinging Strike
0-1: Called Strike
0-2: Ball
1-2: Ball
2-2: Foul Ball, location: 2F
2-2: Ball
3-2: SINGLE (Flyball, 7LM)
Juanito González scores
Wednesday, September 19th, 2018 - OOTP Baseball 18.8 Build 76